| TOP OF THE 1ST |
|
Kingsport Mets batting - Pitching for Bristol Pirates : RHP Jason Kaufman
|
|
Pitching: RHP Jason Kaufman
|
|
|
Batting: RHB Michael Youngberry
|
0-0: Ball 1-0: Ball 2-0: Called Strike 2-1: Ball 3-1: Bunt missed! 3-2: Fly out, F9 (Flyball, 89M, EV 86.2 MPH)
|
|
Batting: RHB Artyom Shavkunov
|
0-0: Ball 1-0: Ball 2-0: Called Strike 2-1: DOUBLE (Flyball, 78D, EV 100.0 MPH)
|
|
Batting: SHB Tyler Maddux
|
0-0: Ball Wild Pitch! Artyom Shavkunov to third 1-0: Called Strike 1-1: Called Strike 1-2: Ball 2-2: Ball 3-2: DOUBLE (Groundball, 5L, EV 101.2 MPH) Artyom Shavkunov scores
|
|
Batting: SHB Nick Daigle
|
0-0: Called Strike 0-1: Ball 1-1: Ball 2-1: Fly out, F9 (Flyball, 9LS, EV 80.6 MPH)
|
|
Batting: RHB Bill Crogan
|
0-0: Called Strike 0-1: Ball 1-1: Foul Ball, location: 2F 1-2: Strikes out looking
|
| Top of the 1st over - 1 run, 2 hits, 0 errors, 1 left on base; Kingsport 1 - Bristol 0 |
| BOTTOM OF THE 1ST |
|
Bristol Pirates batting - Pitching for Kingsport Mets : RHP Frank Emery
|
|
Pitching: RHP Frank Emery
|
|
|
Batting: RHB Alex Arzate
|
0-0: Foul Ball, location: 2F 0-1: Swinging Strike 0-2: SINGLE (Flyball, 8LS, EV 89.4 MPH)
|
|
Batting: LHB Kazuyoshi Ikeda
|
0-0: Called Strike 0-1: Ball 1-1: Called Strike 1-2: Strikes out looking
|
|
Batting: RHB Melvin Durland
|
0-0: Ball 1-0: Ball 2-0: Ball 3-0: Called Strike 3-1: Called Strike 3-2: Strikes out swinging Alex Arzate steals 2nd base Batter strikes out.
|
|
Batting: LHB Dustin Herman
|
0-0: Called Strike 0-1: Fly out, F8 (Flyball, 8RD, EV 92.5 MPH)
|
| Bottom of the 1st over - 0 runs, 1 hit, 0 errors, 1 left on base; Kingsport 1 - Bristol 0 |
| TOP OF THE 2ND |
|
Kingsport Mets batting - Pitching for Bristol Pirates : RHP Jason Kaufman
|
|
Batting: RHB Enrique Aguirre
|
0-0: Ball 1-0: Foul Ball, location: 2F 1-1: Swinging Strike 1-2: Strikes out swinging
|
|
Batting: RHB Chris Artz
|
0-0: Ball 1-0: Swinging Strike 1-1: Ball 2-1: Ball 3-1: Base on Balls
|
|
Batting: SHB Adonis Jones
|
0-0: Ball Chris Artz steals 2nd base 1-0: Ball 2-0: Ball 3-0: Called Strike 3-1: Called Strike 3-2: Strikes out looking
|
|
Batting: RHB Sam Callahan
|
0-0: Ball 1-0: Swinging Strike 1-1: Ball 2-1: Ball 3-1: Base on Balls
|
|
Batting: RHB Michael Youngberry
|
0-0: Foul Ball, location: 2F 0-1: Ball 1-1: Called Strike 1-2: Ball 2-2: Ball 3-2: SINGLE (Groundball, 4D, EV 99.4 MPH) Chris Artz to third Sam Callahan to second Chris Artz scores Sam Callahan to third
|
|
Batting: RHB Artyom Shavkunov
|
0-0: Called Strike 0-1: Ground out 4-3 (Groundball, 34S, EV 93.1 MPH)
|
| Top of the 2nd over - 1 run, 1 hit, 0 errors, 2 left on base; Kingsport 2 - Bristol 0 |
| BOTTOM OF THE 2ND |
|
Bristol Pirates batting - Pitching for Kingsport Mets : RHP Frank Emery
|
|
Batting: RHB Hector Barajas
|
0-0: Foul Ball, location: 2F 0-1: Ball 1-1: Foul Ball, location: 2F 1-2: Strikes out swinging
|
|
Batting: SHB Ronnie Brooks
|
0-0: Ball 1-0: Foul Ball, location: 2F 1-1: SINGLE (Line Drive, 9S, EV 103.8 MPH)
|
|
Batting: RHB Rusty Trader
|
0-0: Ball 1-0: Ball 2-0: Ball 3-0: Called Strike 3-1: Swinging Strike 3-2: Foul Ball, location: 2F 3-2: 2-RUN HOME RUN (Flyball, 7D, EV 102.5 MPH), Distance : 378 ft
|
|
Batting: RHB Hidesuke Yoshida
|
0-0: Ball 1-0: Ground out 6-3 (Groundball, 6, EV 82.5 MPH)
|
|
Batting: SHB Juan Ayala
|
0-0: Ball 1-0: Ball 2-0: Called Strike 2-1: Fly out, F8 (Line Drive, 8RM, EV 91.2 MPH)
|
| Bottom of the 2nd over - 2 runs, 2 hits, 0 errors, 0 left on base; Kingsport 2 - Bristol 2 |
| TOP OF THE 3RD |
|
Kingsport Mets batting - Pitching for Bristol Pirates : RHP Jason Kaufman
|
|
Batting: SHB Tyler Maddux
|
0-0: Ball 1-0: Fly out, F8 (Flyball, 8LM, EV 85.0 MPH)
|
|
Batting: SHB Nick Daigle
|
0-0: Called Strike 0-1: Ball 1-1: Foul Ball, location: 2F 1-2: Foul Ball, location: 2F 1-2: Ball 2-2: Foul Ball, location: 2F 2-2: SOLO HOME RUN (Flyball, 9D, EV 97.5 MPH), Distance : 356 ft
|
|
Batting: RHB Bill Crogan
|
0-0: Foul Ball, location: 2F 0-1: Foul Ball, location: 2F 0-2: Ball 1-2: Ball 2-2: Ball 3-2: Foul Ball, location: 2F 3-2: Fly out, F8 (Flyball, 8RM, EV 76.9 MPH)
|
|
Batting: RHB Enrique Aguirre
|
0-0: Called Strike 0-1: Foul Ball, location: 2F 0-2: SINGLE (Line Drive, 78S, EV 104.4 MPH)
|
|
Batting: RHB Chris Artz
|
0-0: Called Strike Enrique Aguirre is caught stealing 2nd base 2-4
|
| Top of the 3rd over - 1 run, 2 hits, 0 errors, 0 left on base; Kingsport 3 - Bristol 2 |
| BOTTOM OF THE 3RD |
|
Bristol Pirates batting - Pitching for Kingsport Mets : RHP Frank Emery
|
|
Batting: RHB Alex Arzate
|
0-0: Ball 1-0: Swinging Strike 1-1: Ball 2-1: Ball 3-1: Fly out, F8 (Flyball, 8LM, EV 85.0 MPH)
|
|
Batting: LHB Kazuyoshi Ikeda
|
0-0: Called Strike 0-1: Swinging Strike 0-2: Ball 1-2: Ball 2-2: Ball 3-2: Foul Ball, location: 2F 3-2: Base on Balls
|
|
Batting: RHB Melvin Durland
|
0-0: Ball 1-0: Ball 2-0: Ball 3-0: Base on Balls Kazuyoshi Ikeda to second
|
|
Batting: LHB Dustin Herman
|
0-0: Ball 1-0: Called Strike 1-1: Ball 2-1: Fly out, F4 (Line Drive, 4, EV 69.4 MPH)
|
|
Batting: RHB Hector Barajas
|
0-0: Called Strike 0-1: Swinging Strike 0-2: Ball 1-2: Ball 2-2: Ball 3-2: Strikes out swinging
|
| Bottom of the 3rd over - 0 runs, 0 hits, 0 errors, 2 left on base; Kingsport 3 - Bristol 2 |
| TOP OF THE 4TH |
|
Kingsport Mets batting - Pitching for Bristol Pirates : RHP Jason Kaufman
|
|
Batting: RHB Chris Artz
|
0-0: Called Strike 0-1: Ball 1-1: SOLO HOME RUN (Flyball, 78XD, EV 100.6 MPH), Distance : 401 ft
|
|
Pitching: LHP Juan Hernandez
|
|
|
Batting: SHB Adonis Jones
|
0-0: Foul Ball, location: 2F 0-1: Ball 1-1: Swinging Strike 1-2: Ball 2-2: Ball 3-2: Foul Ball, location: 2F 3-2: Base on Balls
|
|
Batting: RHB Sam Callahan
|
0-0: Called Strike 0-1: Ball 1-1: Ball 2-1: Foul Ball, location: 2F 2-2: Strikes out swinging
|
|
Batting: RHB Michael Youngberry
|
0-0: Ball 1-0: Called Strike 1-1: Called Strike 1-2: Ball 2-2: Ball 3-2: Strikes out swinging
|
|
Batting: RHB Artyom Shavkunov
|
0-0: Called Strike 0-1: Ball 1-1: Ball 2-1: Ground out 5-3 (Groundball, 15, EV 90.6 MPH)
|
| Top of the 4th over - 1 run, 1 hit, 0 errors, 1 left on base; Kingsport 4 - Bristol 2 |
| BOTTOM OF THE 4TH |
|
Bristol Pirates batting - Pitching for Kingsport Mets : RHP Frank Emery
|
|
Batting: SHB Ronnie Brooks
|
0-0: Ball 1-0: Ball 2-0: Foul Ball, location: 2F 2-1: Ball 3-1: Foul Ball, location: 2F 3-2: Base on Balls
|
|
Batting: RHB Rusty Trader
|
0-0: Called Strike 0-1: Ball 1-1: Ball 2-1: Ball 3-1: Swinging Strike 3-2: SINGLE (Groundball, 6MD, EV 95.6 MPH) Ronnie Brooks to second
|
|
Batting: RHB Hidesuke Yoshida
|
0-0: Called Strike 0-1: Ball 1-1: Ball 2-1: Called Strike 2-2: Strikes out swinging
|
|
Batting: SHB Juan Ayala
|
0-0: Called Strike 0-1: Foul Ball, location: 2F 0-2: Strikes out looking
|
|
Batting: RHB Alex Arzate
|
0-0: Ball 1-0: SINGLE (Groundball, 5S, EV 69.4 MPH) (infield hit) Ronnie Brooks to third Rusty Trader to second
|
|
Batting: LHB Kazuyoshi Ikeda
|
0-0: Foul Ball, location: 2F 0-1: Fielders Choice at 2nd, 5-4 (Groundball, 56, EV 85.6 MPH)
|
| Bottom of the 4th over - 0 runs, 2 hits, 0 errors, 3 left on base; Kingsport 4 - Bristol 2 |
| TOP OF THE 5TH |
|
Kingsport Mets batting - Pitching for Bristol Pirates : LHP Juan Hernandez
|
|
Batting: SHB Tyler Maddux
|
0-0: Ball 1-0: Called Strike 1-1: Foul Ball, location: 2F 1-2: SINGLE (Groundball, 4MD, EV 94.4 MPH)
|
|
Batting: SHB Nick Daigle
|
0-0: Ball 1-0: Foul Ball, location: 2F 1-1: Ball 2-1: Foul Ball, location: 2F 2-2: Strikes out swinging
|
|
Batting: RHB Bill Crogan
|
0-0: Foul Ball, location: 2F 0-1: Ball 1-1: Called Strike 1-2: Ball 2-2: Strikes out looking
|
|
Batting: RHB Enrique Aguirre
|
0-0: 2-RUN HOME RUN (Line Drive, 89XD, EV 102.5 MPH), Distance : 397 ft
|
|
Batting: RHB Chris Artz
|
0-0: Ball 1-0: Ball 2-0: Ball 3-0: Foul Ball, location: 2F 3-1: Base on Balls
|
|
Pitching: RHP Randy Nelligan
|
|
|
Batting: SHB Adonis Jones
|
0-0: Ball 1-0: Foul Ball, location: 2F 1-1: Fly out, F8 (Flyball, 8LD, EV 76.9 MPH)
|
| Top of the 5th over - 2 runs, 2 hits, 0 errors, 1 left on base; Kingsport 6 - Bristol 2 |
| BOTTOM OF THE 5TH |
|
Bristol Pirates batting - Pitching for Kingsport Mets : RHP Frank Emery
|
|
Batting: RHB Melvin Durland
|
0-0: Called Strike 0-1: Foul Ball, location: 2F 0-2: Fly out, F7 (Flyball, 78S, EV 91.2 MPH)
|
|
Batting: LHB Dustin Herman
|
0-0: Ball 1-0: Ball 2-0: SOLO HOME RUN (Flyball, 9D, EV 94.4 MPH), Distance : 373 ft
|
|
Batting: RHB Hector Barajas
|
0-0: Ball 1-0: Ball 2-0: Ball 3-0: Base on Balls
|
|
Batting: SHB Ronnie Brooks
|
0-0: Ball 1-0: Foul Ball, location: 2F 1-1: Ball 2-1: Grounds out, U3 (Groundball, 3L, EV 97.5 MPH)
|
|
Batting: RHB Rusty Trader
|
0-0: Foul Ball, location: 2F 0-1: Swinging Strike 0-2: Foul Ball, location: 2F 0-2: Strikes out swinging
|
| Bottom of the 5th over - 1 run, 1 hit, 0 errors, 1 left on base; Kingsport 6 - Bristol 3 |
| TOP OF THE 6TH |
|
Kingsport Mets batting - Pitching for Bristol Pirates : RHP Randy Nelligan
|
|
Batting: RHB Sam Callahan
|
0-0: SINGLE (Groundball, 4M, EV 80.0 MPH) (infield hit)
|
|
Batting: RHB Michael Youngberry
|
0-0: Ball 1-0: Called Strike 1-1: Fielders Choice at 2nd, 6-4 (Groundball, 6S, EV 87.5 MPH)
|
|
Batting: RHB Artyom Shavkunov
|
0-0: Ball 1-0: Ball 2-0: Ball 3-0: Base on Balls Michael Youngberry to second
|
|
Batting: SHB Tyler Maddux
|
0-0: Called Strike 0-1: Called Strike 0-2: DOUBLE (Groundball, 3L, EV 106.9 MPH) Michael Youngberry scores Artyom Shavkunov to third
|
|
Batting: SHB Nick Daigle
|
0-0: Called Strike 0-1: Called Strike 0-2: Foul Ball, location: 2F 0-2: Foul Ball, location: 2F 0-2: Foul Ball, location: 2F 0-2: Strikes out swinging
|
|
Batting: RHB Bill Crogan
|
0-0: Foul Ball, location: 2F 0-1: Ball 1-1: Called Strike 1-2: Foul Ball, location: 2F 1-2: Foul Ball, location: 2F 1-2: Ball 2-2: Strikes out looking
|
| Top of the 6th over - 1 run, 2 hits, 0 errors, 2 left on base; Kingsport 7 - Bristol 3 |
| BOTTOM OF THE 6TH |
|
Bristol Pirates batting - Pitching for Kingsport Mets : RHP Frank Emery
|
|
Pitching: LHP Nestor Donato
|
|
|
Batting: RHB Hidesuke Yoshida
|
0-0: Ball 1-0: Swinging Strike 1-1: Foul Ball, location: 2F 1-2: Foul Ball, location: 2F 1-2: Strikes out swinging
|
|
Batting: SHB Juan Ayala
|
0-0: Called Strike 0-1: Foul Ball, location: 2F 0-2: Foul Ball, location: 2F 0-2: Ball 1-2: Ground out 6-3 (Groundball, 6, EV 109.4 MPH)
|
|
Batting: RHB Alex Arzate
|
0-0: Ball 1-0: Ground out 6-3 (Groundball, 6, EV 101.9 MPH)
|
| Bottom of the 6th over - 0 runs, 0 hits, 0 errors, 0 left on base; Kingsport 7 - Bristol 3 |
| TOP OF THE 7TH |
|
Kingsport Mets batting - Pitching for Bristol Pirates : RHP Randy Nelligan
|
|
Pitching: RHP Onne Stubbe
|
|
|
Batting: RHB Enrique Aguirre
|
0-0: Ball 1-0: Foul Ball, location: 2F 1-1: Ground out 4-3 (Groundball, 4, EV 86.2 MPH)
|
|
Batting: RHB Chris Artz
|
0-0: Called Strike 0-1: Ball 1-1: Ball 2-1: Ball 3-1: Foul Ball, location: 2F 3-2: Ground out 6-3 (Groundball, 6, EV 77.5 MPH)
|
|
Batting: SHB Adonis Jones
|
0-0: Hit by Pitch
|
|
Batting: RHB Sam Callahan
|
0-0: Ball 1-0: Called Strike 1-1: Swinging Strike 1-2: Strikes out looking
|
| Top of the 7th over - 0 runs, 0 hits, 0 errors, 1 left on base; Kingsport 7 - Bristol 3 |
| BOTTOM OF THE 7TH |
|
Bristol Pirates batting - Pitching for Kingsport Mets : LHP Nestor Donato
|
|
Batting: LHB Kazuyoshi Ikeda
|
0-0: Called Strike 0-1: Foul Ball, location: 2F 0-2: Ball 1-2: Ball 2-2: Foul Ball, location: 2F 2-2: Strikes out swinging
|
|
Batting: RHB Melvin Durland
|
0-0: Ball 1-0: Foul Ball, location: 2F 1-1: Ball 2-1: Foul Ball, location: 2F 2-2: Ground out U3 (Groundball, 34, EV 105.6 MPH)
|
|
Batting: LHB Dustin Herman
|
0-0: Foul Ball, location: 2F 0-1: Swinging Strike 0-2: Ball 1-2: SINGLE (Flyball, 89S, EV 86.9 MPH)
|
|
Batting: RHB Hector Barajas
|
0-0: Ball 1-0: Ball 2-0: Ball 3-0: Called Strike 3-1: Called Strike 3-2: Foul Ball, location: 2F 3-2: DOUBLE (Groundball, 5L, EV 100.6 MPH) Dustin Herman to third Dustin Herman scores
|
|
Pitching: RHP Sandro Fibonacci
|
|
|
Batting: SHB Ronnie Brooks
|
0-0: Ball 1-0: Called Strike 1-1: Ball 2-1: Ball 3-1: Foul Ball, location: 2F 3-2: Foul Ball, location: 2F 3-2: Foul Ball, location: 2F 3-2: Fly out, F7 (Flyball, 7, EV 85.6 MPH)
|
| Bottom of the 7th over - 1 run, 2 hits, 0 errors, 1 left on base; Kingsport 7 - Bristol 4 |
| TOP OF THE 8TH |
|
Kingsport Mets batting - Pitching for Bristol Pirates : RHP Onne Stubbe
|
|
Batting: RHB Michael Youngberry
|
0-0: Ball 1-0: Ball 2-0: Called Strike 2-1: DOUBLE (Groundball, 5L, EV 102.5 MPH)
|
|
Batting: RHB Artyom Shavkunov
|
0-0: Ball 1-0: Sac Bunt to 23 - play at first, batter OUT! 3-4 Michael Youngberry to third
|
|
Batting: SHB Tyler Maddux
|
0-0: SINGLE (Line Drive, 7S, EV 95.0 MPH) Michael Youngberry scores
|
|
Batting: SHB Nick Daigle
|
0-0: Called Strike 0-1: SINGLE (Flyball, 78S, EV 91.9 MPH) Tyler Maddux to second
|
|
Pitching: LHP Adam Clarke
|
|
|
Batting: RHB Bill Crogan
|
0-0: Ball 1-0: Ball 2-0: Ball 3-0: Called Strike 3-1: Base on Balls Tyler Maddux to third Nick Daigle to second
|
|
Batting: RHB Enrique Aguirre
|
0-0: Called Strike 0-1: Ball 1-1: Foul Ball, location: 2F 1-2: Ball 2-2: Grounds into double play, 4-6-3 (Groundball, 4, EV 86.2 MPH)
|
| Top of the 8th over - 1 run, 3 hits, 0 errors, 2 left on base; Kingsport 8 - Bristol 4 |
| BOTTOM OF THE 8TH |
|
Bristol Pirates batting - Pitching for Kingsport Mets : RHP Sandro Fibonacci
|
|
Batting: RHB Rusty Trader
|
0-0: Ball 1-0: Foul Ball, location: 2F 1-1: Ball 2-1: Fly out, F2 (Popup, 13S, EV 83.8 MPH)
|
|
Pinch Hitting: SHB Don Hauk
|
0-0: Called Strike 0-1: Ball 1-1: Ball 2-1: Called Strike 2-2: Ball 3-2: Base on Balls
|
|
Batting: SHB Juan Ayala
|
0-0: Ball 1-0: Grounds into double play, U6-3 (Groundball, 4M, EV 89.4 MPH)
|
| Bottom of the 8th over - 0 runs, 0 hits, 0 errors, 0 left on base; Kingsport 8 - Bristol 4 |
| TOP OF THE 9TH |
|
Kingsport Mets batting - Pitching for Bristol Pirates : LHP Adam Clarke
|
|
Now in CF: Don Hauk
|
|
|
Batting: RHB Chris Artz
|
0-0: Called Strike 0-1: Foul Ball, location: 2F 0-2: Foul Ball, location: 2F 0-2: Ball 1-2: Strikes out swinging
|
|
Batting: SHB Adonis Jones
|
0-0: Swinging Strike 0-1: Ball 1-1: Ball 2-1: Swinging Strike 2-2: Ground out 5-3 (Groundball, 25, EV 81.2 MPH)
|
|
Batting: RHB Sam Callahan
|
0-0: Called Strike 0-1: Ground out 5-3 (Groundball, 56S, EV 83.1 MPH)
|
| Top of the 9th over - 0 runs, 0 hits, 0 errors, 0 left on base; Kingsport 8 - Bristol 4 |
| BOTTOM OF THE 9TH |
|
Bristol Pirates batting - Pitching for Kingsport Mets : RHP Sandro Fibonacci
|
|
Pitching: LHP Mike Mathews
|
|
|
Batting: RHB Alex Arzate
|
0-0: Called Strike 0-1: Ball 1-1: Foul Ball, location: 2F 1-2: Foul Ball, location: 2F 1-2: Strikes out looking
|
|
Batting: LHB Kazuyoshi Ikeda
|
0-0: Fly out, F5 (Popup, 25F, EV 74.4 MPH)
|
|
Batting: RHB Melvin Durland
|
0-0: Called Strike 0-1: Foul Ball, location: 2F 0-2: Ball 1-2: Ball 2-2: Ball 3-2: Base on Balls
|
|
Batting: LHB Dustin Herman
|
0-0: Called Strike 0-1: Ball Wild Pitch! Melvin Durland to second 1-1: Swinging Strike 1-2: SINGLE (Groundball, 4MD, EV 107.5 MPH) Melvin Durland to third
|
|
Batting: RHB Hector Barajas
|
0-0: Called Strike 0-1: Ball 1-1: Swinging Strike 1-2: Strikes out looking
|
| Bottom of the 9th over - 0 runs, 1 hit, 0 errors, 2 left on base; Kingsport 8 - Bristol 4 |
|